 Dungeon Crawl Stone Soup version 0.13-a0-1693-g8ac13c1 (webtiles) character file.

3206 gyp the Jinx (level 9, -3/45 HPs)
             Began as a Deep Elf Enchanter on June 20, 2013.
             Was a Follower of Ashenzari.
             Slain by an unseen horror (5 damage)
             ... on Level 10 of the Dungeon.
             The game lasted 00:36:23 (5528 turns).

gyp the Jinx (Deep Elf Enchanter)                   Turns: 5528, Time: 00:36:24

HP  -3/45        AC  5     Str  6      XL: 9   Next: 58%
MP  26/34        EV 14     Int 22      God: Ashenzari [*.....]
Gold 131         SH  0     Dex 16      Spells:  4 memorised,  7 levels left

Res.Fire  : . . .   See Invis. : .   a - +3,+2 elf dagger {=f}
Res.Cold  : . . .   Warding    : .   b - +1 elf robe (curse)
Life Prot.: . . .   Conserve   : .   (no shield)
Res.Poison: .       Res.Corr.  : .   (no helmet)
Res.Elec. : .       Clarity    : .   y - +0 cloak (curse)
Sust.Abil.: . .     Spirit.Shd : .   F - +0 pair of gauntlets (curse)
Res.Mut.  : .       Stasis     : .   (no boots)
Res.Rott. : .       Flight     : .   q - amulet of faith
Saprovore : . . .                    (no ring)
                                     u - cursed ring of magical power

@: somewhat resistant to hostile enchantments, very stealthy
A: no striking features
a: Renounce Religion


You were on level 10 of the Dungeon.
You worshipped Ashenzari.
Ashenzari was most pleased with you.
You were not hungry.

You visited 2 branches of the dungeon, and saw 13 of its levels.

You collected 319 gold pieces.
You spent 208 gold pieces at shops.

Inventory:

Hand weapons
 a - a +3,+2 elven dagger (weapon) {=f}
 l - a +3,+0 dagger
Missiles
 d - 8 darts (quivered)
Armour
 b - a cursed +1 elven robe (worn)
 s - a +0 dwarven buckler
 y - a cursed +0 cloak (worn)
 F - a cursed +0 pair of gauntlets (worn)
Magical devices
 m - a wand of polymorph (14) {unknown}
 p - a wand of cold (10) {unknown}
 w - a wand of teleportation (4)
 E - a wand of draining (9)
Comestibles
 f - 3 bread rations
 r - an apple
 t - a meat ration
 z - a rotting chunk of giant frog flesh
 C - a sausage
Scrolls
 i - 4 scrolls of immolation {unknown}
 j - 8 scrolls of identify
 k - a scroll of teleportation
 n - a scroll of amnesia {unknown}
 D - a scroll of remove curse
Jewellery
 g - an uncursed ring of wizardry
 q - an amulet of faith (around neck)
 u - a cursed ring of magical power (left hand)
Potions
 e - a potion of agility
 h - 2 potions of curing
 v - a potion of speed
 x - 2 potions of magic
 G - a potion of heal wounds
Books
 c - a book of Maledictions

   Spells                             Type                      Level
   *Corona                            Hexes                        1
   Sure Blade                         Hexes/Charms                 2
   *Ensorcelled Hibernation           Hexes/Ice                    2
   *Confuse                           Hexes                        3
   Enslavement                        Hexes                        4
   *Invisibility                      Hexes                        6
 o - a book of Envenomations

   Spells                             Type                      Level
   Spider Form                        Transmutation/Poison         3
   Poison Weapon                      Charms/Poison                3
   Summon Scorpions                   Summoning/Poison             4
   Olgreb's Toxic Radiance            Poison                       4
   Poisonous Cloud                    Conjuration/Poison/Air       6
 B - a Grand Grimoire {highlevel}

   This book is beyond your current level of understanding.

   Spells                             Type                      Level
   Demonic Horde                      Summoning                    6
   Mass Abjuration                    Summoning                    6
   Haunt                              Necromancy/Summoning         7
   Summon Greater Demon               Summoning                    7
   Malign Gateway                     Summoning/Translocation      7
   Summon Horrible Things             Summoning                    8
Magical staves
 A - an uncursed staff of energy


   Skills:
 + Level 6.3 Short Blades
 - Level 1.1 Throwing
 + Level 3.9 Dodging
 + Level 8.7 Stealth
 - Level 5.9 Spellcasting
 + Level 9.7 Hexes
 - Level 2.1 Ice Magic


You had 7 spell levels left.
You knew the following spells:

 Your Spells              Type           Power        Failure   Level  Hunger
a - Corona                Hex            #####..      1%          1    None
b - Ensorcelled Hibernat  Hex/Ice        ####..       1%          2    None
c - Confuse               Hex            #####...     1%          3    ##.....
d - Invisibility          Hex            #####...     28%         6    ######.


Dungeon Overview and Level Annotations

Branches:
Dungeon (12/27)            Temple (1/1) D:7            Lair (0/8) D:9
    Orc: D:6-11

Altars:
Ashenzari
Fedhas
Kikubaaqudgha
Makhleb
Nemelex Xobeh
Okawaru
Xom
Zin

Shops:
D:4: = D:12: /

Annotations
D:4 MarvinPA's ghost, average OpIE
D:7 exclusion: statue
D:8 Dowan
D:11 exclusion: feature mimic, Erolcha; Josephine


Message History

Confirm with . or Enter, or press ? or * to list all spells.
Aiming: Ensorcelled Hibernation
Press: ? - help, Shift-Dir - straight line, f/p - kobold
Aim: a kobold, wielding a short runed staff (moderately wounded)
The kobold is unaffected.
The kobold barely misses you.
Casting: Ensorcelled Hibernation
Confirm with . or Enter, or press ? or * to list all spells.
Aiming: Confuse
Press: ? - help, Shift-Dir - straight line, f/p - kobold
Aim: a kobold, wielding a short runed staff (moderately wounded)
The kobold appears confused.
You hit the kobold.
You kill the kobold!
It hits you!
* * * LOW HITPOINT WARNING * * *
Deactivating autopickup; reactivate with Ctrl-A.
You barely miss it. It hits you!
* * * LOW HITPOINT WARNING * * *
It hits you.
You die...

....C.............# #####
####.####...#####.#
#####....
.........<.........
.........
####.##.#...##.##.#
#####.... ...#.......#.#
#.... ###.#.#.##..#K##
#.... ..#.#........#
#....
###.#######..##########.
##....@|K..............
#<#######..............
#.#######..............
..#............#########.
...############## ##
....###### # #.........#
##### #C........# #....
#.........# #.###


You could see a big kobold.

Vanquished Creatures
  4 yaks
  A hungry ghost (D:8)
  2 ice beasts (D:9)
  A komodo dragon skeleton (D:11)
  A sky beast (D:7)
  A yak zombie (D:7)
  A centaur (D:7)
  3 ogres
  2 phantoms (D:7)
  3 orc warriors
  A centaur zombie (D:6)
  6 giant frogs
  An agate snail (D:9)
  3 crimson imps
  A hound (D:8)
  2 scorpions (D:8)
  2 orc wizards
  A worker ant (D:5)
  3 jellies
  Terence (D:2)
  6 gnolls
  6 adders
  2 adder zombies (D:7)
  A giant mite (D:5)
  3 worms
  A giant eyeball (D:7)
  4 giant geckos
  16 orcs
  A ball python (D:1)
  15 bats
  8 goblins
  6 hobgoblins
  8 jackals
  2 quokkas
  7 giant cockroaches
  A giant gecko skeleton (D:6)
  5 giant newts
  A hobgoblin skeleton (D:8)
  11 kobolds
  4 rats
148 creatures vanquished.

Vanquished Creatures (others)
  A cyclops skeleton (D:9)
1 creature vanquished.

Grand Total: 149 creatures vanquished

Notes
Turn   | Place    | Note
--------------------------------------------------------------
     0 | D:1      | gyp, the Deep Elf Enchanter, began the quest for the Orb.
     0 | D:1      | Reached XP level 1. HP: 10/10 MP: 4/4
    87 | D:1      | Reached XP level 2. HP: 1/15 MP: 1/7
    94 | D:1      | Learned a level 2 spell: Ensorcelled Hibernation
   518 | D:1      | Reached XP level 3. HP: 2/19 MP: 2/9
   533 | D:1      | Learned a level 3 spell: Confuse
   746 | D:2      | Reached skill level 5 in Hexes
   781 | D:2      | Noticed Terence
   844 | D:2      | Killed Terence
   952 | D:2      | Reached XP level 4. HP: 20/24 MP: 9/12
  1239 | D:4      | Noticed MarvinPA's ghost (average OpIE)
  1249 | D:4      | Found Zytoxoreyt's Jewellery Emporium.
  1274 | D:5      | Entered Level 5 of the Dungeon
  1319 | D:5      | Noticed an ice beast
  1333 | D:5      | Found a sparkling altar of Nemelex Xobeh.
  1454 | D:6      | Reached XP level 5. HP: 28/28 MP: 14/14
  1514 | D:6      | Reached skill level 6 in Hexes
  1552 | D:6      | Noticed an orc warrior
  1597 | D:6      | Found a shimmering altar of Xom.
  1620 | D:6      | Noticed a centaur
  1732 | D:6      | Noticed a slave
  1743 | D:6      | Noticed a slave
  1758 | D:7      | Reached XP level 6. HP: 9/32 MP: 2/18
  1874 | D:7      | Reached skill level 5 in Stealth
  1904 | D:7      | Noticed an orc warrior
  1925 | D:7      | Killed an orc warrior
  1959 | D:7      | Found a staircase to the Ecumenical Temple.
  1969 | Temple   | Entered the Ecumenical Temple
  1977 | Temple   | Became a worshipper of Ashenzari the Shackled
  2036 | D:7      | Noticed a wizard statue
  2115 | D:7      | Noticed a sky beast
  2275 | D:7      | Paralysed by a giant eyeball for 3 turns
  2296 | D:7      | Noticed a centaur
  2301 | D:7      | Killed a centaur
  2301 | D:7      | Reached skill level 7 in Hexes
  2301 | D:7      | Reached XP level 7. HP: 20/36 MP: 21/21
  2346 | D:7      | Found an ancient bone altar of Kikubaaqudgha.
  2350 | D:7      | Noticed a phantom
  2484 | D:7      | Noticed a phantom
  2705 | D:7      | Killed a phantom
  2891 | D:7      | Killed a phantom
  2931 | D:7      | Reached skill level 5 in Spellcasting
  3004 | D:7      | Killed a sky beast
  3004 | D:7      | Reached XP level 8. HP: 20/41 MP: 9/23
  3238 | D:8      | Reached skill level 1 in Ice Magic
  3337 | D:8      | Reached skill level 8 in Hexes
  3489 | D:8      | Noticed Dowan
  3590 | D:8      | Learned a level 6 spell: Invisibility
  3640 | D:8      | Reached skill level 5 in Short Blades
  3797 | D:9      | Found a blossoming altar of Fedhas.
  3898 | D:9      | Reached XP level 9. HP: 45/45 MP: 25/25
  3919 | D:9      | Found a staircase to the Lair.
  3999 | D:9      | Reached skill level 9 in Hexes
  4348 | D:9      | Paralysed by a potion of paralysis for 3 turns
  4520 | D:10     | Entered Level 10 of the Dungeon
  4561 | D:10     | Noticed a hill giant
  4640 | D:10     | Noticed a hill giant
  4832 | D:10     | Identified the +5 ring mail "Oroxomiph" {Int+2}
  5246 | D:11     | Noticed Erolcha
  5317 | D:12     | Found Daceumn's Magical Wand Shop.
  5320 | D:12     | Bought a wand of draining (9) for 208 gold pieces
  5404 | D:11     | Noticed Josephine
  5404 | D:11     | Noticed a six-headed hydra zombie
  5470 | D:10     | Noticed a hill giant
  5528 | D:10     | HP: 2/45 [something (10)]
  5528 | D:10     | Slain by an unseen horror

Action                   |  1- 3 |  4- 6 |  7- 9 || total
-------------------------+-------+-------+-------++-------
Melee: Dagger            |   129 |    97 |   194 ||   420
Throw: Dart              |       |       |    11 ||    11
 Cast: Corona            |    10 |       |     1 ||    11
       Ensorcelled Hiber |    34 |    41 |    85 ||   160
       Confuse           |     1 |    20 |    85 ||   106
Evoke: Wand              |       |     6 |     2 ||     8
  Use: Potion            |     2 |     1 |    11 ||    14
       Scroll            |       |     1 |    11 ||    12
 Stab: Sleeping          |    32 |    27 |    54 ||   113
       Confused          |     2 |     5 |    22 ||    29
